 Dungeon Crawl Stone Soup version 0.28-a0-1565-g95a8017c83 (webtiles) character file.

Game seed: 1750355063066494755

3419 wakim the Grappler (level 9, -1/89 HPs)
             Began as a Troll Fighter on Jan 19, 2022.
             Was an Initiate of Yredelemnul.
             Killed from afar by an electric eel (6 damage)
             ... with a bolt of electricity
             ... on level 8 of the Dungeon.
             The game lasted 00:23:32 (5980 turns).

wakim the Grappler (Troll Fighter)                  Turns: 5980, Time: 00:23:33

Health: -1/89      AC:  4    Str: 28    XL:     9   Next: 76%
Magic:  9/9        EV:  9    Int:  4    God:    Yredelemnul [......]
Gold:   339        SH:  9    Dex: 13    Spells: 8/8 levels left

rFire   . . .      SeeInvis +     - Unarmed
rCold   . . .      Faith    .   b - +0 kite shield
rNeg    . . .      Spirit   .   a - +0 robe
rPois   .          Reflect  .   Y - +0 hat of Defiance {Str+2}
rElec   .          Harm     .   (no cloak)
rCorr   .          Rampage  .   (gloves unavailable)
Will    .....                   (boots unavailable)
Stlth   +.........              (no amulet)
HPRegen 1.04/turn               P - ring of see invisible
MPRegen 0.11/turn               (no ring)

@: no status effects
A: large, unfitting armour, claws 3, regeneration 1, shaggy fur 1, tough skin 1
a: Renounce Religion, Recall Undead Harvest


You were on level 8 of the Dungeon.
You worshipped Yredelemnul.
Yredelemnul was noncommittal.
You visited 2 branches of the dungeon, and saw 9 of its levels.

You collected 339 gold pieces.

Inventory:

Missiles
 Z - 9 poisoned darts (quivered)
Armour
 a - a +0 robe (worn)
 b - a +0 kite shield (worn)
 Y - the +0 hat of Defiance (worn) {Str+2}
   (You acquired it on level 3 of the Dungeon)

   Str:       It affects your strength (+2).
Jewellery
 P - a ring of see invisible (left claw)
 W - a ring of fire
Wands
 x - a wand of iceblast (9)
Scrolls
 L - a scroll of enchant weapon {unknown}
 M - a scroll of silence {unknown}
 S - a scroll of blinking {unknown}
 T - 3 scrolls of teleportation
 U - a scroll of fear
Potions
 A - 2 potions of ambrosia
 D - 2 potions of brilliance
 G - 2 potions of flight
 I - 2 potions of invisibility
 N - 3 potions of might
 O - 2 potions of lignification {unknown}
 Q - a potion of haste {unknown}
 R - 3 potions of curing {unknown}
 V - 2 potions of mutation {unknown}
 X - a potion of degeneration {unknown}


   Skills:
 + Level 6.1 Fighting
 - Level 2.4 Dodging
 + Level 6.2 Shields
 * Level 9.9 Unarmed Combat
 + Level 2.5 Invocations


You had 8 spell levels left.
You didn't know any spells.
Your spell library contained the following spells:

 Spells                   Type           Power      Damage    Failure   Level
 Magic Dart               Conj           0%         1d3       77%         1
 Call Imp                 Summ           0%         N/A       88%         2
 Ignite Poison            Fire/Tmut/Pois 0%         N/A       98%         3
 Mephitic Cloud           Conj/Pois/Air  0%         N/A       98%         3
 Freezing Cloud           Conj/Ice/Air   0%         6-21      100%        5


Dungeon Overview and Level Annotations

Branches:
Dungeon (8/15)             Temple (1/1) D:6
   Lair: D:8-11

Altars:
Ashenzari
Cheibriados
Dithmenos
Elyvilon
Fedhas
Gozag
Hepliaklqana
Kikubaaqudgha
Makhleb
Nemelex Xobeh
Okawaru
Qazlal
Ru
Sif Muna
Trog
Uskayaw
Vehumet
Wu Jian
Xom
Yredelemnul
Zin
The Shining One

Annotations:
D:3 3 runed translucent doors, ThereIsNoGod's ghost, amateur DsAK


Innate Abilities, Weirdness & Mutations

You are too large for most types of armour.
You have claws for hands.
Your natural rate of healing is unusually fast.
You are covered in fur. (AC +1)
You have tough skin. (AC +1)


Message History

Your bullfrog zombie closely misses the killer bee.
The killer bee stings your bullfrog zombie.
Your surroundings suddenly seem different.
You feel sick.
You start resting.
You feel sick. x3
You are no longer poisoned.
There is a stone staircase leading up here.
You start resting.
HP restored.
The electric eel shoots out a bolt of lightning at you!
The bolt of electricity hits you!
You scratch the electric eel.
The electric eel is moderately wounded.
The electric eel shoots out a bolt of lightning at you!
The bolt of electricity hits you! x2
The electric eel shoots out a bolt of lightning at you!
The bolt of electricity hits the electric eel.
The electric eel completely resists.
The bolt of electricity hits you!
You scratch the electric eel.
The electric eel is heavily wounded.
The electric eel shoots out a bolt of lightning at you!
The bolt of electricity hits you!
* * * LOW HITPOINT WARNING * * *
The bolt of electricity hits you!
* * * LOW HITPOINT WARNING * * *
The electric eel shoots out a bolt of lightning at you!
The bolt of electricity hits the electric eel.
The electric eel completely resists.
The bolt of electricity hits you!
* * * LOW HITPOINT WARNING * * *
The electric eel shoots out a bolt of lightning at you!
The bolt of electricity hits you!
* * * LOW HITPOINT WARNING * * *
The bolt of electricity misses you.
The electric eel shoots out a bolt of lightning at you!
The bolt of electricity hits you!
* * * LOW HITPOINT WARNING * * *
The electric eel shoots out a bolt of lightning at you!
The bolt of electricity hits you.
You die...
Your body rises from the dead as a mindless zombie.

.>..........[##)..#.#.# .
.....##..).######)#'#.##..
.....#....................
##+#.#.##.#######.....##.
#.#<#'##....)))).....#
##.##.......#####.)...#
............#####.....####
....#.................≈...
....############@....≈≈≈P.
....# #...S≈≈≈... ....#
#..≈≈≈≈≈≈.. ....#
#..≈≈≈≈S≈≈≈ #####
#..≈≈≈≈≈≈≈≈ #....≈≈≈≈≈≈
#.....≈≈≈≈≈ ##....≈≈≈≈.
#......≈≈.


You could see 2 electric eels.

Vanquished Creatures
  Sigmund (D:4)
  3 yaks (D:7)
  A wyvern (D:4)
  Menkaure (D:7)
  2 water moccasins (D:6)
  2 sky beasts
  An ice beast (D:5)
  An orc warrior (D:8)
  A black bear (D:6)
  3 necrophages
  2 centaurs
  2 phantoms (D:5)
  A bullfrog (D:8)
  A scorpion (D:4)
  A wyvern skeleton (D:7)
  A water moccasin zombie (D:5)
  2 killer bees (D:8)
  2 howler monkeys
  2 centaur zombies
  2 bullfrog zombies
  An orc priest (D:5)
  5 hounds
  A gnoll shaman (D:8)
  4 iguanas
  5 orc wizards
  A killer bee zombie (D:6)
  A hound skeleton (D:4)
  6 gnolls (D:8)
  2 howler monkey skeletons
  13 adders
  A shadow imp (D:7)
  A white imp (D:8)
  2 ufetubi
  An adder skeleton (D:4)
  A worm (D:2)
  9 orcs
  4 ball pythons
  3 bats (D:2)
  9 endoplasms
  A giant cockroach (D:1)
  3 goblins
  2 hobgoblins
  2 frilled lizards
  3 rats
113 creatures vanquished.

Vanquished Creatures (collateral kills)
  An orc priest (D:8)
  A gnoll shaman (D:8)
  An orc wizard (D:8)
  A gnoll (D:8)
  An orc (D:8)
5 creatures vanquished.

Vanquished Creatures (others)
  A bullfrog zombie (D:8)
  A killer bee zombie (D:8)
  A gnoll (D:8)
  A spectral white imp (D:8)
  3 gnoll zombies (D:8)
  3 orc zombies (D:8)
  7 fungi (D:8)
17 creatures vanquished.

Grand Total: 135 creatures vanquished

Notes
Turn   | Place    | Note
-------+----------+-------------------------------------------
     0 | D:1      | wakim the Troll Fighter began the quest for the Orb.
     0 | D:1      | Reached XP level 1. HP: 22/22 MP: 0/0
   585 | D:2      | Reached XP level 2. HP: 23/29 MP: 1/1
   773 | D:2      | Reached XP level 3. HP: 36/36 MP: 2/2
   782 | D:2      | Reached skill level 3 in Unarmed Combat
  1056 | D:2      | Found a faded altar of an unknown god.
  1142 | D:3      | Reached XP level 4. HP: 40/44 MP: 3/3
  1288 | D:3      | Identified a scroll of acquirement
  1288 | D:3      | Acquired the +0 hat of Defiance {Str+2}
  1488 | D:3      | Found a runed translucent gate.
  1488 | D:3      | Found a runed translucent gate.
  1488 | D:3      | Found a runed translucent gate.
  1490 | D:3      | Noticed ThereIsNoGod's ghost (amateur DsAK)
  1638 | D:4      | Reached XP level 5. HP: 47/53 MP: 4/4
  1652 | D:4      | Noticed Sigmund
  1658 | D:5      | Entered Level 5 of the Dungeon
  1661 | D:5      | Reached skill level 4 in Unarmed Combat
  1699 | D:5      | Noticed a phantom
  1720 | D:5      | Killed a phantom
  1721 | D:5      | Reached XP level 6. HP: 61/61 MP: 5/5
  1845 | D:5      | Reached skill level 5 in Unarmed Combat
  1961 | D:5      | Reached XP level 7. HP: 63/68 MP: 6/6
  2113 | D:5      | Reached skill level 6 in Unarmed Combat
  2680 | D:4      | Reached XP level 8. HP: 76/79 MP: 7/7
  2682 | D:4      | Killed Sigmund
  2683 | D:4      | Reached skill level 7 in Unarmed Combat
  2837 | D:4      | Reached skill level 5 in Fighting
  2837 | D:4      | Reached skill level 5 in Shields
  3269 | D:6      | Reached skill level 8 in Unarmed Combat
  3566 | D:6      | Reached XP level 9. HP: 51/88 MP: 8/8
  3858 | D:6      | Found a staircase to the Ecumenical Temple.
  3867 | Temple   | Entered the Ecumenical Temple
  4317 | Temple   | Became a worshipper of Yredelemnul the Dark
  4481 | D:7      | Noticed Menkaure
  4486 | D:7      | Killed Menkaure
  4487 | D:7      | Reached skill level 9 in Unarmed Combat
  4678 | D:7      | Reached skill level 1 in Invocations
  4689 | D:7      | Reached * piety under Yredelemnul
  4784 | D:7      | Reached ** piety under Yredelemnul
  5731 | D:8      | Found a stormy altar of Qazlal.
  5979 | D:8      | HP: 4/89 [electric eel/bolt of electricity (12)]
  5980 | D:8      | Killed from afar by an electric eel

Illustrated notes

Levels and vault maps discovered:
D:1:      dpeg_arrival_rooms_b, layout_basic
D:2:      layout_rooms, hellmonk_ecumenical_altar_inner_sanctum
D:3:      layout_rooms, ebering_ghost_rock_garden, chequers_garden
D:4:      layout_basic, uniq_sigmund
D:5:      layout_loops_corners, hangedman_abyss_or_decor_passed, minmay_circle_x
D:6:      minmay_angry_zag, layout_cave_pools, minmay_temple_entry_poolview
D:7:      layout_basic, uniq_menkaure
D:8:      layout_basic, nicolae_qazlal_scattered_showers, st_stairs_10,
          fungi_pond_lemuel
Temple:   mainiacjoe_temple_starburst

Skill      XL: |  1  2  3  4  5  6  7  8  9 |
---------------+----------------------------+-----
Unarmed Combat | 3 4 5 6 8 9 |  9.9
Shields        | 3 4 5 6 |  6.2
Fighting       | 3 4 5 6 |  6.1
Invocations    | 2 |  2.5
Dodging        | |  2.4

Action                   |  1- 3 |  4- 6 |  7- 9 || total
-------------------------+-------+-------+-------++-------
Melee: Unarmed           |    76 |    68 |   238 ||   382
       Punch             |     1 |     4 |    11 ||    16
Throw: Dart              |       |       |     5 ||     5
Invok: Recall Undead Har |       |       |     4 ||     4
       Dark Bargain      |       |       |     1 ||     1
  Use: Scroll            |     3 |     3 |     7 ||    13
 Stab: Distracted        |       |       |     1 ||     1
Armor: Robe              |    37 |    22 |    48 ||   107
Dodge: Dodged            |    39 |    28 |    69 ||   136
Block: Kite shield       |       |       |    42 ||    42

Table legend: (Time is in decaauts)
 A = Elapsed time spent in this place.
 B = Non-inter-level travel time spent in this place.
 C = Inter-level travel time spent in this place.
 D = Time resting spent in this place.
 E = Time spent auto-exploring this place.
 F = Levels seen in this place.
 G = Mean time per level.
                   A        B        C        D        E       F      G
               +--------+--------+--------+--------+--------+-----+--------+
         Total |   5946 |   5605 |    341 |    161 |   4294 |   9 |  660.7 |
       Dungeon |   5397 |   5117 |    280 |    161 |   3819 |   8 |  674.6 |
        Temple |    548 |    487 |     61 |      0 |    475 |   1 |  548.0 |
               +--------+--------+--------+--------+--------+-----+--------+

Top non-repeatable levels by time:
     D:5: 1026 daAuts
     D:7: 905 daAuts
     D:4: 693 daAuts
     D:6: 658 daAuts
     D:8: 597 daAuts
     D:1: 570 daAuts
  Temple: 548 daAuts
     D:2: 511 daAuts
     D:3: 434 daAuts
